 Dungeon Crawl Stone Soup version 0.30.0-29-ga12c61a403 (webtiles) character file.

Game seed: 16649271497274233887

135 cdecastro the Slasher (level 4, -2/40 HPs)
             Began as an Armataur Warper on June 21, 2023.
             Succumbed to an orc wizard's poison
             ... on level 2 of the Dungeon.
             The game lasted 00:03:55 (1827 turns).

cdecastro the Slasher (Armataur Warper)             Turns: 1827, Time: 00:03:56

Health: -2/40      AC:  5    Str: 17    XL:     4   Next: 97%
Magic:  6/6        EV:  8    Int: 13    God:
Gold:   144        SH:  0    Dex: 11    Spells: 6/6 levels left

rFire   . . .        a - +0 falchion
rCold   . . .        (no shield)
rNeg    . . .        i - +0 ring mail
rPois   .            (no helmet)
rElec   .            (no cloak)
rCorr   .            (no gloves)
SInv    .            (no barding)
Will    .....        (no amulet)
Stlth   +            (no ring)
HPRegen 0.26/turn    (no ring)
MPRegen 0.10/turn

%: roll
@: lethally poisoned (-2 -> -23)
A: large, rugged brown scales 3, deformed body, armoured tail, roll, long
tongue, awkward tongue
a: no special abilities


You were on level 2 of the Dungeon.
You visited 1 branch of the dungeon, and saw 3 of its levels.

You collected 144 gold pieces.

Inventory:

Hand Weapons
 a - a +0 falchion (weapon)
Missiles
 d - 7 boomerangs of dispersal (quivered)
 p - 3 poisoned darts
Armour
 b - a +0 leather armour
 i - a +0 ring mail (worn)
Jewellery
 o - a ring of see invisible
Scrolls
 c - 2 scrolls of blinking
 g - 2 scrolls of identify {unknown}
 j - a scroll of vulnerability {unknown}
 k - a scroll of noise {unknown}
 m - 3 scrolls of fear {unknown}
Potions
 e - 2 potions of brilliance {unknown}
 f - a potion of mutation {unknown}
 h - a potion of resistance {unknown}
 l - a potion of curing {unknown}
 n - a potion of haste {unknown}
 q - a potion of cancellation {unknown}


   Skills:
 + Level 3.5 Fighting
 + Level 3.5 Long Blades
 - Level 0.8 Throwing
 - Level 1.2 Armour
 - Level 1.3 Dodging
 - Level 1.7 Spellcasting
 - Level 3.0 Translocations


You had 6 spell levels left.
You didn't know any spells.
Your spell library contained the following spells:

 Spells                   Type           Power      Damage    Failure   Level
 Blink                    Tloc           16%        N/A       22%         2
 Lesser Beckoning         Tloc           16%        N/A       22%         2
 Teleport Other           Tloc           8%         N/A       38%         3
 Magic Dart               Conj           4%         1d3       43%         1
 Call Imp                 Summ           2%         N/A       58%         2
 Poisonous Vapours        Pois/Air       2%         N/A       58%         2
 Vhi's Electric Charge    Tloc/Air       10%        N/A       61%         3
 Manifold Assault         Tloc           8%         N/A       80%         4
 Mephitic Cloud           Conj/Pois/Air  1%         N/A       82%         3
 Freezing Cloud           Conj/Ice/Air   0%         6-21      100%        5


Dungeon Overview and Level Annotations

Branches:
Dungeon (3/15)

Altars:


Innate Abilities, Weirdness & Mutations

You are completely covered in rugged brown scales. (AC +3, +7% HP)
Armour fits poorly on your strangely shaped body.
You have a long armoured tail.
You roll when moving toward enemies. (Rampage)
Your long tongue fully drains potion bottles. (2x potion effects)
Your tongue gives you trouble enunciating. (1.5x scroll delay)


Message History

Deactivating autopickup; reactivate with Ctrl-A.
You barely miss something. You tail-slap something. Something hits you.
You are poisoned.
You barely miss something.
You feel very sick.
You hear some strange, mumbled words.
You are confused.
Something hits you but does no damage.
You closely miss something.
You feel sick. Something hits you.
You are more poisoned.
Something hits you but does no damage.
You are more poisoned.
* * * LOW HITPOINT WARNING * * *
You feel very sick.
You see here a +0 short sword.
* * * LOW HITPOINT WARNING * * *
You feel very sick. Something hits you but does no damage.
You bump into the rock wall.
* * * LOW HITPOINT WARNING * * *
You feel very sick. Something completely misses you.
You feel less confused.
* * * LOW HITPOINT WARNING * * *
You feel very sick.
You hit something but do no damage.
Your tail-slap misses something.
* * * LOW HITPOINT WARNING * * *
You feel sick. Something hits you but does no damage.
You are lethally poisoned!
Okay, then.
Unknown command.
You hit something but do no damage.
* * * LOW HITPOINT WARNING * * *
You feel very sick. Something hits you.
* * * LOW HITPOINT WARNING * * *
You are more poisoned.
Unknown command.
You hit something but do no damage.
You die...

....#...........#.##......##.###
.#.....####...#...#####........#
....##..........#.## ##........#
..#....#####.##....###.........#
#..###.#####..###..##..........#
.#...#.#..............#........#
...........########............#
.#####..##...........#..########
.# ##.######..@##..##.### .# #.#
#.##....##...# ##
##.######.#)>##......# #
####.........#.#####....#
###.....#####....# ##...#
....###..##...#### #.[.#
..............# #...#
..............# #####
..............#


There were no monsters in sight!

Vanquished Creatures
  Natasha (thrice) (D:2)
  An adder (D:2)
  A worm (D:2)
  2 dart slugs
  An orc (D:2)
  4 bats
  An endoplasm (D:2)
  2 giant cockroaches (D:2)
  A goblin (D:2)
  7 hobgoblins
  3 jackals (D:1)
  A kobold (D:1)
  2 quokkas (D:2)
  6 ball pythons
  4 frilled lizards
  6 rats
45 creatures vanquished.

Notes
Turn   | Place    | Note
-------+----------+-------------------------------------------
     0 | D:1      | cdecastro the Armataur Warper began the quest for the Orb.
     0 | D:1      | Reached XP level 1. HP: 18/18 MP: 3/3
   278 | D:1      | Reached XP level 2. HP: 25/25 MP: 4/4
   935 | D:2      | Reached XP level 3. HP: 32/32 MP: 5/5
  1310 | D:2      | Noticed Natasha
  1319 | D:2      | Killed Natasha
  1320 | D:2      | Reached XP level 4. HP: 16/40 MP: 6/6
  1459 | D:2      | Noticed Natasha
  1473 | D:2      | Killed Natasha
  1546 | D:2      | Noticed Natasha
  1560 | D:2      | Killed Natasha
  1827 | D:2      | Succumbed to an orc wizard's poison

Illustrated notes

Levels and vault maps discovered:
D:1:      sevenhm_arrival_forest_fort_large_2, layout_rooms
D:2:      layout_rooms, minmay_hexomino_p4, uniq_natasha
D:3:      layout_rooms, slow_altar_1, lemuel_crystal_altar,
          kennysheep_generic_room_15

Skill      XL: |  1  2  3 |
---------------+----------+-----
Fighting       | 2 3 |  3.5
Long Blades    | 2 3 |  3.5
Throwing       | |  0.8
Armour         | |  1.2
Dodging        | |  1.3
Spellcasting   | |  1.7
Translocations | |  3.0

Action                     |  1- 3 |  4- 6 || total
---------------------------+-------+-------++-------
  Melee: Falchion          |   119 |    39 ||   158
         Tailslap          |    11 |     6 ||    17
         Punch             |     2 |       ||     2
 Armour: Leather armour    |    37 |       ||    37
         Ring mail         |    17 |    14 ||    31
  Dodge: Dodged            |    67 |    17 ||    84
